 Dungeon Crawl Stone Soup version 0.30-a0-840-ga523dec638 (webtiles) character file.

Game seed: 9920758641141800759

15047 NinjaNoafa the Grappler (level 11, -8/175 HPs)
             Began as a Troll Monk on Mar 1, 2023.
             Was a High Priest of Wu Jian.
             Mangled by a komodo dragon (16 damage)
             ... on level 2 of the Lair of Beasts.
             The game lasted 00:26:05 (9431 turns).

NinjaNoafa the Grappler (Troll Monk)                Turns: 9431, Time: 00:26:05

Health: -8/175     AC: 29    Str: 21    XL:     11   Next: 96%
Magic:  10/10      EV:  1    Int: 10    God:    Wu Jian [*****.]
Gold:   869        SH:  0    Dex: 12    Spells: 10/10 levels left

rFire   . . .      SeeInvis .      - Unarmed
rCold   . . .      Faith    +    (no shield)
rNeg    . . .      Spirit   .    (body armour currently unavailable)
rPois   +          Reflect  .    (helmet currently unavailable)
rElec   .          Harm     .    (cloak currently unavailable)
rCorr   .          Rampage  .    (gloves unavailable)
Will    .....      NoTele   +    (boots unavailable)
Stlth   ++                       y - amulet of faith
HPRegen 1.29/turn                l - +4 ring of slaying
MPRegen 0.12/turn                t - +4 ring of protection

@: tree-form
A: stationary, stasis, torment immunity, boosted hp, large, unfitting armour,
(claws 3), regeneration 1, (shaggy fur 1), (tough skin 1)
a: Renounce Religion, Wall Jump, Serpent's Lash, Heavenly Storm


You were on level 2 of the Lair of Beasts.
You worshipped Wu Jian.
Wu Jian was extremely pleased with you.
You were a tree.
You visited 3 branches of the dungeon, and saw 14 of its levels.
You visited the Abyss 1 time.
You also visited: Ossuary.

You collected 1025 gold pieces.
You spent 156 gold pieces at shops.

Inventory:

Hand Weapons
 b - a +0 hand axe of flaming
Missiles
 c - 4 boomerangs
 e - 30 poisoned darts
 p - 9 atropa-tipped darts
 x - 3 throwing nets
 z - 5 curare-tipped darts
 L - 6 javelins
Armour
 u - a +1 cloak (melded)
 N - a +0 troll leather armour (melded)
Jewellery
 l - a +4 ring of slaying (left branch)
 t - a +4 ring of protection (right branch)
 w - a ring of protection from fire
 y - an amulet of faith (around neck)
 J - a ring of ice
Wands
 n - a wand of mindburst (28)
 s - a wand of acid (2)
 B - a wand of roots (7)
Scrolls
 a - a scroll of blinking
 f - a scroll of noise
 h - 2 scrolls of silence
 i - 6 scrolls of teleportation
 m - a scroll of immolation
 q - a scroll of torment
 r - 3 scrolls of fog {unknown}
 A - 3 scrolls of magic mapping {unknown}
 C - a scroll of poison {unknown}
 D - 3 scrolls of amnesia {unknown}
 E - a scroll of acquirement {unknown}
 G - a scroll of fear {unknown}
 M - 2 scrolls of vulnerability {unknown}
Potions
 d - 6 potions of curing
 g - a potion of resistance
 j - a potion of brilliance
 k - 3 potions of lignification
 o - 4 potions of mutation
 v - 2 potions of flight
 F - a potion of attraction {unknown}
 H - a potion of magic {unknown}
 I - 2 potions of invisibility {unknown}
 K - a potion of degeneration {unknown}
 O - a potion of might {unknown}
Miscellaneous
 P - a lightning rod (4/4)


   Skills:
 + Level 10.0 Fighting
 - Level 6.0 Throwing
 - Level 5.0 Armour
 - Level 5.4 Dodging
 - Level 1.0 Stealth
 - Level 11.0 Unarmed Combat
 - Level 4.0 Evocations


You had 10 spell levels left.
You didn't know any spells.
Your spell library contained the following spells:

 Spells                   Type           Power      Damage    Failure   Level
 Slow                     Hex            0%         N/A       36%         1
 Ensorcelled Hibernation  Hex/Ice        0%         N/A       50%         2
 Sublimation of Blood     Necr           0%         N/A       50%         2
 Wereblood                Tmut           0%         N/A       50%         2
 Confusing Touch          Hex            0%         N/A       75%         3
 Mephitic Cloud           Conj/Pois/Air  0%         N/A       75%         3
 Stone Arrow              Conj/Erth      0%         3d7       75%         3
 Vampiric Draining        Necr           0%         2d6       75%         3
 Animate Armour           Summ/Erth      0%         N/A       98%         4
 Ice Form                 Ice/Tmut       0%         N/A       98%         4
 Alistair's Intoxication  Tmut/Pois      0%         N/A       100%        5
 Borgnjor's Vile Clutch   Necr/Erth      0%         N/A       100%        5
 Eringya's Noxious Bog    Tmut/Pois      0%         N/A       100%        6
 Summon Hydra             Summ           0%         N/A       100%        7
 Lehudib's Crystal Spear  Conj/Erth      0%         10d2      100%        8


Dungeon Overview and Level Annotations

Branches:
Dungeon (11/15)            Temple (1/1) D:6            Lair (2/5) D:10
  Swamp (0/4) Lair:2      Ossuary (visited)
  Snake: Lair:2-3    Spider: Lair:2-3       Orc: D:9-12

Altars:
Ashenzari
Cheibriados
Dithmenos
Elyvilon
Fedhas
Gozag
Hepliaklqana
Kikubaaqudgha
Makhleb
Nemelex Xobeh
Okawaru
Qazlal
Ru
Sif Muna
Trog
Uskayaw
Vehumet
Wu Jian
Xom
Yredelemnul
Zin
The Shining One

Shops:
D:4 [   D:10 =:(

Annotations:
D:5 2 transporters, Esekla's ghost, weakling OpDe
Lair:1 1 runed translucent door, Akefehecvi's ghost, journeyman OpDe


Innate Abilities, Weirdness & Mutations

You are a tree.
Your roots penetrate the ground, keeping you stationary.
You cannot be teleported.
You are immune to unholy pain and torment.
Your maximum health is greatly increased.
Your equipment is partially melded.
You are too large for most types of armour.
((You have claws for hands.))
Your natural rate of healing is unusually fast.
((You are covered in fur. (AC +1)))
((You have tough skin. (AC +1)))


Message History

The yak gores you but does no damage. x3; The cane toad stings you!
* * * LOW HITPOINT WARNING * * *
The water moccasin bites you but does no damage.
You feel better. The water moccasin bites you.
* * * LOW HITPOINT WARNING * * *
The cane toad stings you but does no damage.
The yak completely misses you. The yak gores you!
* * * LOW HITPOINT WARNING * * *
The yak gores you but does no damage.
Okay, then.
As you read the scroll of torment, it crumbles to dust.
You feel a surge of unholy energy.
The water moccasin convulses!
The komodo dragon convulses!
The yak convulses! x3; The cane toad convulses!
The water moccasin bites you but does no damage.
The cane toad stings you but does no damage.
The yak gores you but does no damage. The yak gores you.
* * * LOW HITPOINT WARNING * * *
The yak gores you.
* * * LOW HITPOINT WARNING * * *
Okay, then.
Okay, then.
You pummel the water moccasin!!
You kill the water moccasin!
The Council accepts your kill. The cane toad stings you.
* * * LOW HITPOINT WARNING * * *
The yak gores you but does no damage. x2; The yak gores you.
* * * LOW HITPOINT WARNING * * *
You hit the komodo dragon.
The komodo dragon is almost dead.
The cane toad stings you.
* * * LOW HITPOINT WARNING * * *
The komodo dragon bites you but does no damage.
You feel better. The yak gores you!
* * * LOW HITPOINT WARNING * * *
The yak gores you but does no damage. x2
The cane toad stings you but does no damage.
The komodo dragon hisses menacingly.
The komodo dragon bites you!
You die...

............
...........# .
...........##.#
............
.>........ . #.....#
8.# ###YYP# ##
...P#####.l♣..##.###..
..........FY...†......
.......<.......†......
.##########§§§###.####
#.§§§.. # §.§§§§...
.§§.§.§§.....
#P##..§§§###.. #
###.§## #


You could see a komodo dragon, 3 yaks and a cane toad.

Vanquished Creatures
  A large abomination (Abyss:2)
  A wretched star (Abyss:2)
  Sonja (Lair:1)
  A black mamba (Lair:1)
  A gargoyle (D:10)
  A smoke demon (Abyss:2)
  2 cane toads (Lair:1)
  2 kobold demonologists
  3 komodo dragons (Lair:1)
  2 trolls (D:10)
  A polar bear (Lair:1)
  A raiju (Abyss:2)
  2 dream sheep
  5 spriggans (Lair:1)
  2 flying skulls (Abyss:2)
  2 wyverns (D:9)
  15 yaks
  3 water moccasins
  2 black bears
  2 sky beasts
  2 orc warriors
  3 ogres
  6 wolves (Lair:1)
  8 centaurs
  2 kobold brigands (D:10)
  A phantom (D:4)
  5 bullfrogs
  7 scorpions
  A necrophage (D:8)
  A water moccasin zombie (D:4)
  5 wights (D:8)
  3 small abominations (Abyss:2)
  13 killer bees
  A howler monkey (D:7)
  A quasit (Abyss:2)
  2 centaur zombies
  A bullfrog zombie (D:4)
  4 hounds
  2 human zombies (Ossuary)
  2 jellies
  3 orc priests
  9 iguanas
  A bullfrog skeleton (D:4)
  3 gnoll boudas
  Ijyb (D:3)
  12 orc wizards
  A hell rat (Lair:1)
  A hound skeleton (D:4)
  A hound zombie (D:4)
  3 mummies
  A howler monkey zombie (D:4)
  A howler monkey skeleton (D:4)
  13 gnolls
  16 adders
  A white imp (D:6)
  2 adder skeletons (D:4)
  4 adder zombies (D:4)
  A worm (D:2)
  5 dart slugs
  20 orcs
  8 ball pythons
  6 endoplasms
  3 giant cockroaches
  A gnoll zombie (Ossuary)
  7 goblins
  7 hobgoblins
  3 jackals (D:1)
  13 kobolds
  3 quokkas
  6 bats
  A frilled lizard (D:2)
  4 goblin zombies (Ossuary)
  4 hobgoblin zombies (Ossuary)
  2 orc zombies (Ossuary)
  3 rats
290 creatures vanquished.

Vanquished Creatures (others)
  An orc (D:7)
  A butterfly (D:6)
  2 fungi (Lair:2)
4 creatures vanquished.

Grand Total: 294 creatures vanquished

Notes
Turn   | Place    | Note
-------+----------+-------------------------------------------
     0 | D:1      | NinjaNoafa the Troll Monk began the quest for the Orb.
     0 | D:1      | Reached XP level 1. HP: 22/22 MP: 0/0
   260 | D:1      | Reached XP level 2. HP: 29/29 MP: 1/1
   346 | D:1      | Reached skill level 4 in Unarmed Combat
   477 | D:1      | Reached XP level 3. HP: 36/36 MP: 2/2
   876 | D:2      | Reached XP level 4. HP: 38/44 MP: 3/3
  1073 | D:2      | Reached skill level 5 in Unarmed Combat
  1091 | D:2      | Reached XP level 5. HP: 48/53 MP: 4/4
  1471 | D:3      | Noticed Ijyb
  1479 | D:3      | Killed Ijyb
  1904 | D:4      | Noticed a phantom
  1933 | D:4      | Killed a phantom
  1934 | D:4      | Reached XP level 6. HP: 57/62 MP: 5/5
  2111 | D:4      | Reached skill level 6 in Unarmed Combat
  2258 | D:4      | Found Cehiodath's Antique Armour Shop.
  2273 | D:4      | Bought a glowing robe for 111 gold pieces
  2329 | D:4      | Reached XP level 7. HP: 71/71 MP: 6/6
  2446 | D:4      | Found a shimmering altar of Xom.
  2533 | D:4      | Reached skill level 5 in Fighting
  2533 | D:4      | Reached skill level 7 in Unarmed Combat
  2904 | D:4      | Identified the +3 hand axe of Annoyance {freeze, rElec
                  | Int+3 SInv}
  2971 | D:5      | Entered Level 5 of the Dungeon
  3119 | D:5      | Found a transporter.
  3160 | D:5      | Found a transporter.
  3160 | D:5      | Noticed Esekla's ghost (weakling OpDe)
  3271 | D:5      | Reached XP level 8. HP: 83/83 MP: 7/7
  3282 | D:5      | Got the Textbook on Septic Glaciation
  3307 | D:5      | Found a sand-covered staircase.
  3316 | Ossuary  | Entered an ossuary
  3360 | Ossuary  | Reached skill level 1 in Throwing
  3367 | Ossuary  | Reached skill level 1 in Evocations
  4186 | D:6      | Found an opulent altar of Gozag.
  4202 | D:6      | Found a hide-covered altar of Uskayaw.
  4479 | D:6      | Found a staircase to the Ecumenical Temple.
  4498 | D:6      | Found a shadowy altar of Dithmenos.
  4524 | Temple   | Entered the Ecumenical Temple
  4674 | Temple   | Became a worshipper of the Wu Jian Council
  4674 | Temple   | Reached * piety under Wu Jian
  4674 | Temple   | Reached ** piety under Wu Jian
  4976 | D:6      | Found a white marble altar of Elyvilon.
  5214 | D:6      | Reached XP level 9. HP: 89/89 MP: 8/8
  5219 | D:6      | Identified the +2 pair of gloves "Runuobuw" {Will+ Dex-5
                  | Stlth+}
  5542 | D:7      | Reached skill level 5 in Throwing
  6611 | D:9      | Reached *** piety under Wu Jian
  6625 | D:9      | Reached skill level 8 in Unarmed Combat
  6693 | D:9      | Found a glowing golden altar of the Shining One.
  6744 | D:9      | Found an iron altar of Okawaru.
  6749 | D:9      | Noticed a kobold demonologist
  6752 | D:9      | Noticed a red devil
  6757 | D:9      | Reached XP level 10. HP: 82/104 MP: 9/9
  6828 | D:9      | Paralysed by an orc wizard for 4 turns
  6838 | D:9      | Paralysed by an orc wizard for 3 turns
  6952 | D:9      | Reached skill level 9 in Unarmed Combat
  6963 | D:9      | HP: 3/104 [yak (9)]
  7170 | D:9      | Reached skill level 1 in Armour
  7282 | D:9      | Found a stormy altar of Qazlal.
  7385 | D:10     | Entered Level 10 of the Dungeon
  7385 | D:10     | Found Zeegoaf's Weapon Shoppe.
  7388 | D:10     | Bought a throwing net for 45 gold pieces
  7426 | D:10     | Found Sutoot's Jewellery Shop.
  7433 | D:10     | Noticed a gargoyle
  7442 | D:10     | Killed a gargoyle
  7520 | D:10     | Found Reuwalau's Book Shoppe.
  7523 | D:10     | Found a staircase to the Lair.
  7570 | D:10     | Reached **** piety under Wu Jian
  7801 | D:10     | Reached skill level 5 in Armour
  7896 | D:10     | Reached XP level 11. HP: 96/113 MP: 10/10
  8116 | D:11     | Noticed a two-headed ogre
  8126 | D:10     | HP: 2/113 [killer bee (6)]
  8185 | Lair:1   | Entered Level 1 of the Lair of Beasts
  8496 | Lair:1   | Noticed Sonja
  8501 | Abyss:1  | Cast into level 1 of the Abyss (Sonja)
  8615 | Abyss:2  | Noticed a wretched star
  8620 | Abyss:2  | Noticed a large abomination
  8622 | Abyss:2  | Killed a wretched star
  8623 | Abyss:2  | Reached skill level 10 in Unarmed Combat
  8634 | Abyss:2  | Killed a large abomination
  8653 | Abyss:2  | Noticed a bone dragon
  8712 | Abyss:2  | Found a corrupted altar of Lugonu.
  8727 | Lair:1   | Escaped the Abyss
  8733 | Lair:1   | Killed Sonja
  8824 | Lair:1   | Reached ***** piety under Wu Jian
  8916 | Lair:1   | Reached skill level 5 in Dodging
  9120 | Lair:1   | Found a runed translucent door.
  9123 | Lair:1   | Noticed Akefehecvi's ghost (journeyman OpDe)
  9400 | Lair:2   | Found a staircase to the Swamp.
  9414 | Lair:2   | Reached skill level 10 in Fighting
  9416 | Lair:2   | Reached skill level 11 in Unarmed Combat
  9430 | Lair:2   | HP: 7/175 [cane toad (5)]
  9431 | Lair:2   | Mangled by a komodo dragon

Illustrated notes

Levels and vault maps discovered:
D:1:      dpeg_arrival_arbitrary_c, layout_basic
D:2:      layout_basic
D:3:      layout_basic, grunt_decor_arrowhead, minmay_misc_feat_alley, uniq_ijyb
D:4:      layout_layer_cave, mainiacjoe_overflow_boulevard, serial_shops,
          nicolae_shop_overgrown_old_shop, serial_undead, serial_undead_a,
          serial_undead_e, serial_undead_e, serial_undead_f, minmay_quantized
D:5:      layout_layer_cave, gup_ossuary_entry_pyramid, gammafunk_ghost_arena,
          nicolae_figureground_sparkle
D:6:      layout_gridville, mainiacjoe_overflow_catwalk_spiral,
          mainiacjoe_overflow_tiny_flanked, nicolae_elyvilon_peaceful_grove,
          minmay_temple_entry_statues
D:7:      layout_loops_ring
D:8:      layout_loops_cross
D:9:      layout_roguey, nicolae_overflow_crystal_walls, tso_altar,
          nicolae_qazlal_style_of_elements, dreamdust_gnoll_shepherd
D:10:     layout_irregular_city, lair_entry_dummy, serial_shops, shop,
          nicolae_stop_n_shop_2, nicolae_shop_hallway_plus
D:11:     layout_long_grid, zin_academy
Temple:   dpeg_chambers_temple
Lair:1:   kb_forest_paths, layout_misc_corridors, ebering_ghost_inner_flame,
          infiniplex_staircase_pool_2, uniq_sonja
Lair:2:   layout_long_grid, swamp_mist, nicolae_lair_run_with_the_wolves,
          grunt_megastairs_2

Skill      XL: |  1  2  3  4  5  6  7  8  9 10 11 |
---------------+----------------------------------+-----
Unarmed Combat | 4 5 6 7 8 9 11 | 11.0
Fighting       | 3 4 5 7 8 10 | 10.0
Throwing       | 4 6 |  6.0
Evocations     | 3 4 |  4.0
Armour         | 5 |  5.0
Dodging        | 5 |  5.4
Stealth        | |  1.0

Action                     |  1- 3 |  4- 6 |  7- 9 | 10-12 || total
---------------------------+-------+-------+-------+-------++-------
  Melee: Unarmed           |    94 |   141 |   310 |   365 ||   910
         Punch             |     2 |     4 |    11 |    20 ||    37
         Hand axe          |       |       |       |     5 ||     5
  Throw: Javelin           |       |       |     4 |       ||     4
 Invoke: Serpent's Lash    |       |       |       |     2 ||     2
Ability: Lunge             |       |       |    20 |    26 ||    46
         Wall Jump         |       |       |     8 |    12 ||    20
         Whirlwind         |       |       |    27 |   136 ||   163
  Evoke: Wand              |       |       |       |     1 ||     1
    Use: Potion            |       |     1 |       |    11 ||    12
         Scroll            |       |     7 |     6 |     6 ||    19
   Stab: Sleeping          |     1 |     5 |     2 |     1 ||     9
         Distracted        |       |       |     1 |       ||     1
 Armour: Robe              |    57 |    36 |   105 |    27 ||   225
         Troll leather arm |       |       |       |    88 ||    88
         Skin              |       |       |       |    21 ||    21
  Dodge: Dodged            |    56 |    72 |   134 |   181 ||   443

Table legend: (Time is in decaauts)
 A = Elapsed time spent in this place.
 B = Non-inter-level travel time spent in this place.
 C = Inter-level travel time spent in this place.
 D = Time resting spent in this place.
 E = Time spent auto-exploring this place.
 F = Levels seen in this place.
 G = Mean time per level.
                   A        B        C        D        E       F      G
               +--------+--------+--------+--------+--------+-----+--------+
         Total |   9349 |   8871 |    478 |    114 |   5939 |  17 |  549.9 |
       Dungeon |   7805 |   7360 |    445 |     68 |   5052 |  11 |  709.5 |
        Temple |    226 |    203 |     23 |      0 |    187 |   1 |  226.0 |
          Lair |   1003 |    993 |     10 |     35 |    664 |   2 |  501.5 |
         Abyss |    205 |    205 |      0 |     11 |      0 |   2 |  102.5 |
       Ossuary |    107 |    107 |      0 |      0 |     36 |   1 |  107.0 |
               +--------+--------+--------+--------+--------+-----+--------+

Top non-repeatable levels by time:
     D:5: 1094 daAuts
     D:4: 1083 daAuts
  Lair:1: 969 daAuts
     D:6: 826 daAuts
     D:9: 800 daAuts
    D:10: 765 daAuts
     D:1: 757 daAuts
     D:7: 708 daAuts
     D:8: 658 daAuts
     D:2: 557 daAuts
     D:3: 545 daAuts
  Temple: 226 daAuts
 Abyss:2: 173 daAuts
 Ossuary: 107 daAuts
  Lair:2: 33 daAuts
